 Dungeon Crawl Stone Soup version 0.22-a0-247-gbddf880 (webtiles) character file.

104847 CLM the Eye of the Storm (level 15, -7/122 HPs)
             Began as a Demonspawn Fighter on Feb 24, 2018.
             Was a Priest of Qazlal.
             Mangled by Donald
             ... wielding a +3 eveningstar of distortion
              (24 damage)
             ... on level 2 of the Swamp.
             The game lasted 01:08:02 (35973 turns).

CLM the Eye of the Storm (Demonspawn Fighter)      Turns: 35973, Time: 01:08:02

Health: -7/122     AC: 28    Str: 34    XL:     15   Next: 93%
Magic:  28/28      EV:  8    Int: 16    God:    Qazlal [***...]
Gold:   1699       SH: 18    Dex: 13    Spells: 14/14 levels left

rFire    + . .     SeeInvis +   a - +0 war axe
rCold    . . .     Gourm    .   c - +0 shield
rNeg     + + .     Faith    .   k - +3 chain mail of the Lair of Beasts {rElec rN+ Str+4}
rPois    +         Spirit   .   J - +1 hat {SInv}
rElec    +         Reflect  .   u - +0 cloak
rCorr    .         Harm     .   E - +0 pair of gloves
MR       +....                  G - +2 pair of boots "Ykahalip" {rF+ rN+ Str+2 Int+4}
Stlth    ..........             h - amulet of magic regeneration
HPRegen  0.30/turn              S - ring of Xeicitwo {+Fly Str+6 Int+2}
MPRegen  0.46/turn              w - ring of poison resistance

@: no status effects
A: hooves 2, iridescent scales 3, nightstalker 2, powered by death 1
a: Upheaval, Elemental Force, Renounce Religion, Evoke Flight


You were on level 2 of the Swamp.
You worshipped Qazlal.
Qazlal was most pleased with you.
You were very hungry.

You visited 4 branches of the dungeon, and saw 24 of its levels.

You collected 2363 gold pieces.
You spent 664 gold pieces at shops.

Inventory:

Hand Weapons
 a - a +0 war axe (weapon)
Missiles
 g - 748 stones
 M - 4 throwing nets (quivered)
Armour
 c - a +0 shield (worn)
 k - the +3 chain mail of the Lair of Beasts (worn) {rElec rN+ Str+4}
   (You bought it in a shop on level 2 of the Orcish Mines)

   It affects your strength (+4).
   It insulates you from electricity.
   It protects you from negative energy.
 u - a +0 cloak (worn)
 E - a +0 pair of gloves (worn)
 F - a +4 plate armour
 G - the +2 pair of boots "Ykahalip" (worn) {rF+ rN+ Str+2 Int+4}
   (You found it on level 8 of the Dungeon)

   It affects your strength (+2).
   It affects your intelligence (+4).
   It protects you from fire.
   It protects you from negative energy.
 J - a +1 hat of see invisible (worn)
 N - the +3 leather armour of the Stag {rCorr Str+7 Dex+2}
   (You found it on level 11 of the Dungeon)

   It affects your strength (+7).
   It affects your dexterity (+2).
   It protects you from acid and corrosion.
Jewellery
 h - an amulet of magic regeneration (around neck)
 o - an uncursed ring of protection from cold
 w - a ring of poison resistance (right hand)
 S - the ring of Xeicitwo (left hand) {+Fly Str+6 Int+2}
   (You bought it in a shop on level 2 of the Orcish Mines)

   [ring of intelligence]

   It affects your strength (+6).
   It affects your intelligence (+2).
   It lets you fly.
 W - a +2 ring of intelligence {unknown}
 X - a +3 ring of strength {unknown}
Wands
 b - a wand of paralysis (11)
 p - a wand of flame (49)
 y - a wand of iceblast (26)
 T - a wand of digging (34)
 U - a wand of enslavement (16)
Scrolls
 e - 11 scrolls of remove curse
 f - a scroll of brand weapon
 j - 10 scrolls of teleportation
 l - 5 scrolls of enchant armour
 m - 4 scrolls of fog
 q - 6 scrolls of immolation
 x - 4 scrolls of magic mapping
 B - a scroll of fear
 C - 9 scrolls of amnesia
 D - 2 scrolls of vulnerability
 I - a scroll of identify
 K - 3 scrolls of torment
 P - 3 scrolls of enchant weapon
Potions
 d - 16 potions of curing
 i - 2 potions of resistance
 n - 6 potions of heal wounds
 r - 3 potions of agility
 s - 2 potions of cancellation
 t - a potion of haste
 v - 5 potions of might
 z - 3 potions of magic
 L - 3 potions of mutation
 O - 5 potions of brilliance
 Q - a potion of lignification
 R - 3 potions of flight
 V - a potion of ambrosia
Comestibles
 H - 38 rations


   Skills:
 + Level 12.6 Fighting
 + Level 11.5 Axes
 + Level 11.8 Armour
 + Level 11.7 Shields
 * Level 18.6 Invocations


You had 14 spell levels left.
You didn't know any spells.

Dungeon Overview and Level Annotations

Branches:
Dungeon (13/15)            Temple (0/1) D:7            Lair (6/6) D:8
  Swamp (3/4) Lair:3        Snake (0/4) Lair:4        Slime (0/5) Lair:6
    Orc (2/2) D:9             Elf (0/3) Orc:2        Vaults (0/5) D:13

Altars:
Ashenzari
Dithmenos
Elyvilon
Hepliaklqana
Makhleb
Nemelex Xobeh
Okawaru
Qazlal
Ru
Sif Muna
Uskayaw
Wu Jian
Yredelemnul
Beogh

Shops:
D:5 *   Orc:2 =*[(

Annotations:
Lair:4 exclusion: oklob plant
Swamp:2 Donald


Innate Abilities, Weirdness & Mutations

You have hoof-like feet.
You are completely covered in iridescent scales. (AC +6)
You are significantly more attuned to the shadows.
You regenerate a little health from kills.


Message History

The shambling mangrove is unaffected.
The eight-headed hydra looks frightened!
The swamp dragon resists with almost no effort.
The eight-headed hydra looks frightened!
You block Donald's attack. Donald hits you but does no damage.
Space bends around you.
* * * LOW HITPOINT WARNING * * *
Donald says, "Is there a plague of frogs happening, or something?
At least it's not locusts."
You block Donald's attack.
There is a stone staircase leading up here.
You block Donald's attack.
You climb upwards.
You escape the reach of the grasping roots.
There is a stone staircase leading down here.
Okay, then.
You feel much better.
Donald is engulfed in blazing flames.
Donald hits you with an eveningstar of distortion.
* * * LOW HITPOINT WARNING * * *
Space warps horribly around you!
You die...

..≈♣.≈.≈......♣.♣♣ ♣♣≈≈≈≈♣♣
≈......≈.≈≈.≈..≈≈♣♣ ♣>≈≈≈.♣
≈≈≈≈≈♣...♣≈.≈≈.≈≈.♣♣♣.≈≈≈.♣
≈≈..♣♣♣......♣≈≈...♣..≈..♣♣
♣..♣♣ ♣.≈≈♣≈..≈≈.♣≈..≈≈≈♣♣
.≈♣♣ ♣..≈≈≈..≈♣≈.≈.....♣
.♣♣ ♣♣≈...♣♣....≈....♣♣ .♣
♣♣...♣♣♣♣@..≈...≈♣♣ ♣♣
♣....♣ ♣♣@≈..≈...♣ ♣ ♣♣..≈♣
♣♣.≈≈≈..♣♣ ♣ ♣≈≈≈♣
♣♣...≈.♣♣ ♣♣♣♣ ♣≈..♣
♣≈.≈.≈..♣♣ ≈♣.♣♣ ♣≈≈≈♣
♣♣≈≈≈.≈≈..♣ .≈..♣ ♣.≈≈♣
♣♣≈≈.♣..≈≈.♣♣ ...♣♣ ♣.♣.♣
♣≈..≈..≈≈.≈≈♣♣♣ ♣♣ ≈≈♣♣
♣.≈.♣♣♣≈≈....≈≈.≈≈≈≈♣♣♣♣♣≈
..)♣
♣.≈.♣♣...≈...≈.≈..≈.≈.♣♣≈≈


You could see Donald.

Vanquished Creatures
  Gastronok (D:8)
  Kirke (Lair:4)
  An orc warlord (Orc:2)
  Aizul (Swamp:2)
  Nessos (D:13)
  2 dire elephants (Lair:6)
  Snorg (Lair:5)
  Harold (Lair:4)
  Erolcha (D:13)
  4 vault guards (D:13)
  10 hydras
  3 catoblepae
  7 two-headed ogres
  An anaconda (Lair:6)
  5 alligators
  A centaur warrior (D:13)
  6 death yaks
  Urug (D:11)
  An orc high priest (Orc:2)
  Nergalle (Orc:2)
  Sonja (D:10)
  A deep elf knight (D:13)
  A shambling mangrove (Swamp:1)
  An unseen horror (D:13)
  5 swamp dragons
  4 orc sorcerers
  6 orc knights
  A deep elf mage (D:13)
  3 ugly things
  A manticore (D:11)
  8 elephants
  5 cyclopes
  6 black mambas
  Joseph (D:8)
  Maurice (D:11)
  Psyche (D:12)
  11 spiny frogs
  7 komodo dragons
  3 rime drakes
  A tengu conjurer (D:13)
  3 meliai (Lair:5)
  A polar bear (Lair:5)
  7 trolls
  Grinder (D:4)
  3 tyrant leeches
  A hornet (D:9)
  5 slime creatures (Swamp:1)
  27 blink frogs
  A dream sheep (Lair:3)
  7 bog bodies
  9 hippogriffs
  2 wraiths (D:13)
  10 spriggans
  2 shadows (Swamp:2)
  A vampire (D:13)
  2 basilisks
  4 wyverns
  Eustachio (D:4)
  49 yaks
  4 hogs (Lair:4)
  3 steam dragons
  2 hungry ghosts
  8 swamp worms
  5 wargs
  A naga (Lair:4)
  An acid dragon (D:12)
  10 water moccasins
  12 porcupines
  2 sky beasts
  5 ice beasts
  39 orc warriors
  4 necrophages
  A phantom (D:11)
  9 ogres
  10 wolves
  13 crocodiles
  8 centaurs
  Blork the orc (D:5)
  2 big kobolds
  17 bullfrogs
  2 gnoll sergeants
  6 scorpions
  A wyvern skeleton (D:13)
  61 killer bees
  An electric eel (Lair:3)
  3 howler monkeys
  4 bullfrog zombies
  A centaur zombie (D:8)
  8 crimson imps
  A quasit (D:10)
  14 orc priests
  11 hounds
  8 jellies
  A bullfrog skeleton (D:13)
  4 centaur skeletons
  33 orc wizards
  Terence (D:1)
  3 iguanas
  9 worker ants
  2 hound zombies
  2 worker ant zombies
  12 adders
  16 gnolls
  5 shadow imps
  3 oozes
  4 worms
  2 dart slugs
  3 leopard geckos
  108 orcs
  A ball python (D:2)
  6 giant cockroaches
  8 goblins
  14 hobgoblins
  8 jackals
  6 quokkas
  6 bats
  7 frilled lizards
  A jackal skeleton (D:7)
  15 kobolds
  2 leopard gecko skeletons (D:4)
  3 quokka skeletons
  A quokka zombie (D:5)
  7 rats
  3 butterflies (Lair:2)
  6 fungi
  7 plants
841 creatures vanquished.

Vanquished Creatures (collateral kills)
  2 killer bees (Lair:5)
2 creatures vanquished.

Vanquished Creatures (others)
  A water moccasin (Lair:6)
  2 bushes (Lair:4)
  23 fungi
  6 plants (Lair:6)
  6 toadstools (Lair:3)
38 creatures vanquished.

Grand Total: 881 creatures vanquished

Notes
Turn   | Place    | Note
-------+----------+-------------------------------------------
     0 | D:1      | CLM the Demonspawn Fighter began the quest for the Orb.
     0 | D:1      | Reached XP level 1. HP: 18/18 MP: 1/1
   186 | D:1      | Gained mutation: You regenerate a little health from kills. [demonic ancestry]
   186 | D:1      | Reached XP level 2. HP: 22/24 MP: 2/2
   498 | D:1      | Reached XP level 3. HP: 27/29 MP: 3/3
   868 | D:2      | Gained mutation: You are partially covered in iridescent scales. (AC +2) [demonic ancestry]
   868 | D:2      | Reached XP level 4. HP: 30/35 MP: 4/4
  1132 | D:2      | Noticed Terence
  1432 | D:2      | Reached XP level 5. HP: 42/42 MP: 5/5
  1433 | D:2      | Found a burning altar of Makhleb.
  1520 | D:1      | Killed Terence
  2744 | D:2      | Reached XP level 6. HP: 39/48 MP: 6/6
  2948 | D:3      | Found a sacrificial altar of Ru.
  2948 | D:3      | Found a shadowy altar of Dithmenos.
  3277 | D:3      | Found a basalt altar of Yredelemnul.
  3323 | D:3      | Found a sacrificial altar of Ru.
  4319 | D:4      | Reached XP level 7. HP: 55/55 MP: 7/7
  4620 | D:4      | Noticed Eustachio
  4624 | D:4      | Found a white marble altar of Elyvilon.
  4640 | D:4      | Found a sparkling altar of Nemelex Xobeh.
  4640 | D:4      | Found a stormy altar of Qazlal.
  4789 | D:4      | Reached skill level 5 in Fighting
  4803 | D:4      | Killed Eustachio
  4999 | D:4      | Found a hide-covered altar of Uskayaw.
  5070 | D:5      | Entered Level 5 of the Dungeon
  5517 | D:4      | Reached skill level 5 in Armour
  5517 | D:4      | Reached skill level 5 in Shields
  5517 | D:4      | Gained mutation: You have large cloven feet. [demonic ancestry]
  5517 | D:4      | Reached XP level 8. HP: 36/63 MP: 8/8
  5672 | D:5      | Found a deep blue altar of Sif Muna.
  5672 | D:5      | Found a shattered altar of Ashenzari.
  5672 | D:5      | Found a hazy altar of Hepliaklqana.
  5715 | D:5      | Found Ezapae's Assorted Antiques.
  5919 | D:5      | Noticed Grinder
  5926 | D:5      | Noticed Blork the orc
  5926 | D:5      | Paralysed by Grinder for 2 turns
  5954 | D:5      | Killed Blork the orc
  6346 | D:5      | Reached skill level 5 in Axes
  7032 | D:6      | Gained mutation: You have hoof-like feet. [demonic ancestry]
  7032 | D:6      | Reached XP level 9. HP: 30/70 MP: 9/9
  7266 | D:6      | Found an ornate altar of the Wu Jian Council.
  7459 | D:4      | Paralysed by Grinder for 4 turns
  7487 | D:4      | Killed Grinder
  7509 | D:4      | Became a worshipper of Qazlal Stormbringer
  7615 | D:7      | Reached skill level 1 in Invocations
  7639 | D:7      | Found a staircase to the Ecumenical Temple.
  7651 | D:7      | Reached skill level 2 in Invocations
  7754 | D:7      | Reached skill level 3 in Invocations
  7857 | D:7      | Reached * piety under Qazlal
  7884 | D:7      | Reached skill level 4 in Invocations
  8316 | D:8      | Noticed Gastronok
  8531 | D:8      | Found a staircase to the Lair.
  8599 | D:8      | Reached skill level 5 in Invocations
  8607 | D:8      | Noticed Joseph
  8632 | D:8      | Killed Joseph
  8874 | D:8      | Gained mutation: You are mostly covered in iridescent scales. (AC +4) [demonic ancestry]
  8874 | D:8      | Reached XP level 10. HP: 60/78 MP: 14/14
  8961 | D:8      | Noticed a two-headed ogre
  9249 | D:8      | Killed a two-headed ogre
  9249 | D:8      | Reached skill level 6 in Invocations
  9264 | D:8      | Found an iron altar of Okawaru.
  9668 | D:8      | Reached ** piety under Qazlal
  9714 | D:8      | Reached skill level 7 in Invocations
  9769 | D:8      | Got a pair of transparent boots
  9780 | D:8      | Identified the +2 pair of boots "Ykahalip" {rF+ rN+ Str+2 Int+4} (You found it on level 8 of the Dungeon)
  9913 | D:8      | Found a runed door.
 10337 | D:8      | Found a roughly hewn altar of Beogh.
 10540 | D:9      | Reached skill level 8 in Invocations
 10590 | D:9      | Noticed a two-headed ogre
 10603 | D:9      | Killed a two-headed ogre
 10981 | D:9      | Found a staircase to the Orcish Mines.
 11009 | D:9      | Reached skill level 9 in Invocations
 11107 | D:9      | Reached XP level 11. HP: 54/86 MP: 17/17
 11655 | D:9      | Reached *** piety under Qazlal
 12427 | D:10     | Entered Level 10 of the Dungeon
 12552 | D:10     | Noticed Sonja
 12889 | D:10     | Killed Sonja
 13123 | D:10     | Reached skill level 10 in Invocations
 13491 | D:11     | Noticed a white ugly thing
 13869 | Lair:1   | Entered Level 1 of the Lair of Beasts
 14007 | Lair:1   | Identified the Papyrus of Dusty Good Luck
 14554 | D:8      | Killed Gastronok
 14554 | D:8      | Reached skill level 11 in Invocations
 15162 | Lair:2   | Gained mutation: You are completely covered in iridescent scales. (AC +6) [demonic ancestry]
 15162 | Lair:2   | Reached XP level 12. HP: 59/94 MP: 20/20
 15987 | Lair:2   | Reached skill level 12 in Invocations
 16888 | Lair:3   | Noticed a four-headed hydra
 16894 | Lair:3   | Killed a four-headed hydra
 16963 | Lair:3   | Found a staircase to the Swamp.
 17147 | Lair:3   | Noticed a four-headed hydra
 17163 | Lair:3   | Killed a 12-headed hydra
 17431 | Lair:3   | Reached skill level 10 in Fighting
 17444 | Lair:3   | Reached skill level 13 in Invocations
 17908 | Lair:3   | Found a runed door.
 18543 | Lair:3   | Noticed a catoblepas
 18567 | Lair:3   | Killed a catoblepas
 18569 | Lair:3   | Noticed a catoblepas
 18581 | Lair:3   | Killed a catoblepas
 18937 | Lair:4   | Noticed Harold
 18975 | Lair:4   | Killed Harold
 19035 | Lair:4   | Noticed an eight-headed hydra
 19039 | Lair:4   | Killed an eight-headed hydra
 19039 | Lair:4   | Gained mutation: You are slightly more attuned to the shadows. [demonic ancestry]
 19039 | Lair:4   | Reached XP level 13. HP: 85/102 MP: 14/23
 19315 | Lair:4   | Found a staircase to the Snake Pit.
 19365 | Lair:4   | Noticed Kirke
 19380 | Lair:4   | Killed Kirke
 19380 | Lair:4   | Reached skill level 14 in Invocations
 20946 | Lair:5   | Noticed Snorg
 20958 | Lair:5   | Killed Snorg
 20958 | Lair:5   | Reached skill level 10 in Armour
 20958 | Lair:5   | Reached skill level 10 in Shields
 22080 | Lair:5   | Reached skill level 15 in Invocations
 22184 | Lair:6   | Entered Level 6 of the Lair of Beasts
 22184 | Lair:6   | Found the +4 Vampire's Tooth {vamp}
 22201 | Lair:5   | Reached **** piety under Qazlal
 22854 | Lair:6   | Reached skill level 10 in Axes
 22981 | Lair:5   | Gained mutation: You are significantly more attuned to the shadows. [demonic ancestry]
 22981 | Lair:5   | Reached XP level 14. HP: 81/112 MP: 25/25
 23946 | Lair:6   | Found a staircase to the Slime Pits.
 24400 | Lair:6   | Reached skill level 16 in Invocations
 24811 | Lair:6   | Identified the Volume of Warped Poison
 25139 | Orc:1    | Entered Level 1 of the Orcish Mines
 25313 | D:11     | Noticed Maurice
 25320 | D:11     | Killed Maurice
 25339 | D:11     | Noticed Urug
 25360 | D:11     | Killed Urug
 26123 | D:11     | Got a slimy leather armour
 26134 | D:11     | Identified the +3 leather armour of the Stag {rCorr Str+7 Dex+2} (You found it on level 11 of the Dungeon)
 26940 | D:12     | Noticed Psyche
 26962 | D:12     | Killed Psyche
 27860 | Orc:2    | Entered Level 2 of the Orcish Mines
 27909 | Orc:2    | Reached skill level 17 in Invocations
 27929 | Orc:2    | Reached ***** piety under Qazlal
 28252 | Orc:2    | Noticed Nergalle
 28260 | Orc:2    | Noticed an orc warlord
 28267 | Orc:2    | Killed Nergalle
 28293 | Orc:2    | Killed an orc warlord
 28301 | Orc:2    | Reached XP level 15. HP: 51/119 MP: 17/27
 28306 | Orc:2    | HP: 3/119 [orc knight/bardiche (35)]
 29680 | Orc:2    | Found a roughly hewn altar of Beogh.
 29722 | Orc:2    | Found Nulan's Antique Weapon Shop.
 29773 | Orc:2    | Found a staircase to the Elven Halls.
 29888 | Orc:2    | Found Kyvunext's Antique Armour Shop.
 29904 | Orc:2    | Found Aplooqol's General Store.
 29946 | Orc:2    | Found Onker's Jewellery Shop.
 30417 | Orc:2    | Bought a bloodstained chain mail for 285 gold pieces
 30427 | Orc:2    | Identified the +3 chain mail of the Lair of Beasts {rElec rN+ Str+4} (You bought it in a shop on level 2 of the Orcish Mines)
 30443 | Orc:2    | Bought the ring of Xeicitwo {+Fly Str+6 Int+2} for 379 gold pieces
 30566 | D:13     | Noticed Nessos
 31172 | D:13     | Killed Nessos
 31643 | D:13     | Noticed Erolcha
 31656 | D:13     | Killed Erolcha
 31849 | D:13     | Reached skill level 18 in Invocations
 32115 | D:13     | Found a gate to the Vaults.
 32727 | Swamp:1  | Entered Level 1 of the Swamp
 34711 | Swamp:2  | Noticed Aizul
 34740 | Swamp:2  | Killed Aizul
 35953 | Swamp:3  | Noticed Donald
 35967 | Swamp:3  | HP: 4/122 [eight-headed hydra (12)]
 35973 | Swamp:2  | Mangled by Donald

Vault maps used:
D:1:      minmay_arrival_shattered_statue, minmay_lizard_pond
D:2:      lemuel_round_altar, uniq_terence
D:3:      nicolae_overflow_crystal_walls, gammafunk_temple_overflow_wave,
          hangedman_ru_absence
D:4:      grunt_temple_overflow_open, lemuel_doored_altar, first_ration,
          uniq_eustachio
D:5:      gammafunk_temple_overflow_claw, serial_shops,
          nicolae_shop_overgrown_old_shop, uniq_blork_the_orc, uniq_grinder
D:6:      kennysheep_mini_moat
D:7:      minmay_temple_entry_crystal_x
D:8:      okawaru_trees_2, dpeg_oklobed_lair, the_bakery,
          lightli_church_of_beogh, uniq_gastronok, uniq_joseph
D:9:      david_orc_1_choice, nicolae_two_hexagons, lightli_fourway_metalbox
D:10:     serial_park_tiny_2, uniq_sonja
D:11:     kennysheep_spiral_hall, uniq_urug, uniq_maurice
D:12:     uniq_psyche
D:13:     grunt_vaults_entry_fortified, uniq_nessos, uniq_erolcha
Lair:2:   lab_entry_generic, lemuel_fruit_fields
Lair:3:   gammafunk_lair_enchanted_lake, minmay_swamp_entry_reptiles
Lair:4:   minmay_lair_oklob_tunnel, guppyfry_snake_entry_garden, uniq_kirke,
          uniq_harold
Lair:5:   wad_woods_minihive, uniq_snorg
Lair:6:   due_jungle_book, nicolae_slime_entry_slimehenge
Swamp:1:  serial_swamp_ruin, evilmike_swamp_ruin_rubble_1,
          evilmike_swamp_ruin_house_3, evilmike_swamp_ruin_house_6
Swamp:2:  hangedman_swamp_ruin_wall, swamp_pool1, uniq_aizul
Swamp:3:  hangedman_swamp_lotus, infiniplex_staircase_pool_2, uniq_donald
Orc:1:    lightli_orcish_oven
Orc:2:    grunt_orc_cross

Skill      XL: |  1  2  3  4  5  6  7  8  9 10 11 12 13 14 15 |
---------------+----------------------------------------------+-----
Axes           | 2 3 4 5 6 7 8 9 10 11 | 11.5
Shields        | 3 4 5 6 7 8 9 10 11 | 11.7
Armour         | 3 4 5 6 7 8 9 10 11 | 11.8
Fighting       | 4 5 6 7 8 9 10 11 12 | 12.6
Invocations    | 5 9 11 13 15 17 18 | 18.6

Action                   |  1- 3 |  4- 6 |  7- 9 | 10-12 | 13-15 || total
-------------------------+-------+-------+-------+-------+-------++-------
Melee: War axe           |   119 |   246 |   446 |   889 |  1943 ||  3643
       Kick              |       |       |    95 |    26 |       ||   121
       Unarmed           |       |       |    17 |       |     4 ||    21
Throw: Stone             |    15 |    11 |    22 |    29 |       ||    77
       Throwing net      |       |       |       |     6 |     1 ||     7
Invok: Upheaval          |       |       |       |    12 |    32 ||    44
       Elemental Force   |       |       |       |       |     1 ||     1
Evoke: Wand              |       |       |       |    21 |    41 ||    62
  Use: Potion            |       |     2 |       |       |     5 ||     7
       Scroll            |       |     9 |     4 |    11 |    13 ||    37
 Stab: Confused          |       |       |       |     1 |       ||     1
       Invisible         |       |       |       |       |     3 ||     3
  Eat: Chunk             |       |    11 |    17 |    20 |    34 ||    82
       Ration            |       |       |     2 |     4 |     7 ||    13
Armor: Scale mail        |    60 |   117 |   226 |    44 |       ||   447
       Plate armour      |       |       |       |   523 |   643 ||  1166
       Leather armour    |       |       |       |       |   129 ||   129
       Chain mail        |       |       |       |       |   252 ||   252
Dodge: Dodged            |    39 |    71 |   164 |   187 |   482 ||   943
       Deflected         |       |       |       |       |    12 ||    12
Block: Shield            |    74 |   132 |   294 |   810 |  1964 ||  3274

Table legend:
 A = Spawn XP
 B = Non-spawn XP
 C = Spawn XP percentage of total XP
 D = Spawn monster count
 E = Non-spawn monster count
 F = Spawn count percentage of total count
 G = Total turns spent on level
                    A         B        C        D         E        F      G
               +---------+---------+-------+---------+---------+-------+---------
         Total |       0 |  149782 |   0.0 |       0 |     827 |   0.0 | 35973
               +---------+---------+-------+---------+---------+-------+---------
           D:1 |       0 |      80 |   0.0 |       0 |      27 |   0.0 |   859
           D:2 |       0 |     339 |   0.0 |       0 |      40 |   0.0 |  1830
           D:3 |       0 |     296 |   0.0 |       0 |      31 |   0.0 |  1669
           D:4 |       0 |     868 |   0.0 |       0 |      16 |   0.0 |  1123
           D:5 |       0 |     719 |   0.0 |       0 |      23 |   0.0 |  1240
           D:6 |       0 |     933 |   0.0 |       0 |      23 |   0.0 |   836
           D:7 |       0 |    1366 |   0.0 |       0 |      22 |   0.0 |  1650
           D:8 |       0 |    6408 |   0.0 |       0 |      61 |   0.0 |  1404
           D:9 |       0 |    4289 |   0.0 |       0 |      45 |   0.0 |  2626
          D:10 |       0 |    3192 |   0.0 |       0 |      17 |   0.0 |  1333
          D:11 |       0 |    6602 |   0.0 |       0 |      24 |   0.0 |  1637
          D:12 |       0 |   11121 |   0.0 |       0 |      52 |   0.0 |  1276
          D:13 |       0 |   15264 |   0.0 |       0 |      43 |   0.0 |  1181
        Lair:1 |       0 |    3787 |   0.0 |       0 |      20 |   0.0 |  1706
        Lair:2 |       0 |    3751 |   0.0 |       0 |      19 |   0.0 |  1190
        Lair:3 |       0 |   10057 |   0.0 |       0 |      33 |   0.0 |  2114
        Lair:4 |       0 |    8148 |   0.0 |       0 |      27 |   0.0 |  1521
        Lair:5 |       0 |   19151 |   0.0 |       0 |      95 |   0.0 |  2919
        Lair:6 |       0 |   15444 |   0.0 |       0 |      39 |   0.0 |  1711
       Swamp:1 |       0 |   11249 |   0.0 |       0 |      27 |   0.0 |  2017
       Swamp:2 |       0 |   11209 |   0.0 |       0 |      21 |   0.0 |  1207
         Orc:1 |       0 |    4109 |   0.0 |       0 |      45 |   0.0 |  1432
         Orc:2 |       0 |   11400 |   0.0 |       0 |      77 |   0.0 |  1470
               +---------+---------+-------+---------+---------+-------+---------
